Map: Blueshift LE

Players

ParagonPasT - Winner!

  • Race: Zerg Zerg
  • League: Master
  • Spawn Location: 1:00

A.I. 2 (Elite)

  • Race: Terran Terran
  • Spawn Location: 7:00

VOD

Have the link to the VOD?

Description

Time

  • Played on: Sept. 10, 2018, 10:46 a.m.
  • Length: 5:55
Show
View Real Time Build Order
Export as new Build Order

ParagonPasT Zerg - Winner!

Build Orders: Hatch First 

Get SALT Encoding   

  12  0:00  Drone  
  13  0:12  Overlord  
  13  0:18  Drone  
  14  0:30  Drone x2  
  14  0:34  Drone  
  17  0:51  Hatchery  
  17  0:54  Drone  
  17  0:57  Drone  
  18  1:08  Extractor  
  17  1:12  Spawning Pool  
  17  1:15  Drone  
  17  1:18  Drone  
  18  1:28  Drone  
  19  1:38  Overlord  
  19  1:49  Drone  
  20  1:59  Queen  
  20  2:00  Zergling x2  
  23  2:03  Queen  
  23  2:04  Zergling x2  
  26  2:10  Metabolic Boost  
  26  2:11  Zergling x2  
  27  2:16  Drone  
  27  2:21  Drone  
  29  2:25  Drone  
  30  2:34  Queen  
  32  2:37  Overlord  
  32  2:39  Queen  
  32  2:42  Overlord  
  34  2:45  Drone  
  35  3:02  Hatchery  
  35  3:04  Drone  
  35  3:05  Drone  
  36  3:07  Drone  
  36  3:11  Drone  
  38  3:13  Drone  
  38  3:14  Drone  
  38  3:16  Drone  
  38  3:18  Drone  
  42  3:21  Drone  
  42  3:25  Extractor  
  43  3:27  Drone  
  43  3:28  Drone  
  43  3:33  Roach Warren  
  43  3:42  Overlord x2  
  43  3:45  Overlord  
  43  4:13  Roach  
  43  4:14  Roach x7  
  43  4:16  Roach  
  61  4:18  Roach  
  61  4:23  Roach  
  61  4:24  Roach  
  67  4:30  Zergling x8  
  71  4:35  Zergling x4  
  71  4:38  Overlord  
  73  4:48  Lair  
  73  4:49  Extractor  
  73  4:50  Drone  
  73  4:51  Drone  
  74  5:00  Drone x3  
  74  5:04  Drone x3  
  80  5:09  Overlord  
  80  5:10  Drone  
  80  5:11  Drone  
  82  5:17  Drone  
  82  5:20  Overlord  
  82  5:21  Overlord  
  75  5:36  Drone x4  
  75  5:39  Evolution Chamber  
  75  5:40  Drone, Evolution Chamber  
  75  5:42  Drone, Baneling Nest  
  78  5:48  Hydralisk Den  
Show
View Real Time Build Order
Export as new Build Order

A.I. 2 (Elite) Terran 

Build Orders: Mech 

Get SALT Encoding   

  12  0:00  SCV  
  13  0:13  SCV  
  14  0:18  Supply Depot  
  14  0:25  SCV  
  15  0:40  SCV  
  16  0:42  Barracks  
  16  0:52  SCV  
  17  1:04  SCV  
  18  1:16  SCV, Supply Depot  
  19  1:21  Refinery  
  19  1:28  SCV  
  19  1:29  Marine  
  21  1:40  SCV  
  22  1:47  Marine  
  22  1:49  Refinery  
  22  1:52  SCV  
  24  2:04  SCV  
  24  2:05  Marine  
  26  2:16  SCV  
  26  2:20  Factory  
  27  2:22  Marine  
  27  2:29  SCV  
  29  2:38  Factory  
  29  2:40  Marine  
  29  2:41  SCV  
  29  2:43  Supply Depot  
  31  2:53  Orbital Command  
  31  3:04  Marine  
  32  3:06  Factory Tech Lab  
  32  3:18  SCV  
  33  3:22  Factory Tech Lab, Marine, Command Center  
  34  3:30  SCV  
  35  3:42  SCV  
  36  3:55  SCV  
  37  3:59  Barracks  
  37  4:07  SCV  
  37  4:08  Supply Depot  
  38  4:19  SCV  
  39  4:30  Siege Tank x2  
  39  4:31  SCV  
  46  4:32  Supply Depot  
  46  4:34  SCV, Marine  
  48  4:43  SCV  
  48  4:44  Supply Depot  
  49  4:46  SCV  
  49  4:55  SCV  
  49  4:56  Barracks  
  49  4:58  SCV  
  51  5:02  Siege Tank  
  51  5:03  Hellion  
  56  5:07  SCV  
  56  5:10  SCV  
  58  5:15  Barracks Tech Lab  
  58  5:18  Factory  
  58  5:19  SCV  
  59  5:21  Marine  
  59  5:24  Hellion  
  54  5:33  Marine  
  54  5:35  Command Center  
Tags
 
Composition
Mech
League
Master
Matchup
TvZ
Spawn Locations
Cross Positions
Add a new tag
Caveats
  • Supply blocks, unpowered buildings, or Contaminate may cause inaccurate times.
  • Supply counts are checked every 10 seconds.